[Event "Early-Titled-Tuesday-Blitz-March-12-2024"]
[Site "Chess.com"]
[Date "2024.03.12"]
[Round "6"]
[White "Fandorine"]
[Black "Danny_Billiards"]
[Result "1-0"]
[WhiteElo "2957"]
[BlackElo "2795"]
[TimeControl "180+1"]
[EndTime "9:05:26 PDT"]
[Termination "Fandorine won by checkmate"]

1. d4 Nf6 2. c4 g6 3. Nc3 Bg7 4. e4 d6 5. Be2 O-O 6. Nf3 b6 7. O-O e5 8. Re1 exd4 9. Nxd4 Bb7 10. f3 Nfd7 11. Be3 Nc6 12. Nc2 Bxc3 13. bxc3 Na5 14. Rb1 Ne5 15. Na3 Ba6 16. Rb5 Bxb5 17. cxb5 Nb7 18. Nc2 Nc5 19. Nb4 Qe7 20. f4 Ned7 21. Bf3 f6 22. Nd5 Qd8 23. h4 a6 24. h5 axb5 25.
hxg6 hxg6 26. Qc2 Ra4 27. e5 f5 28. Bxc5 Nxc5 29. e6 Qh4 30. Re2 Rfa8 31. e7 Re8 32. c4 Rxc4 33. Qb2 Nd3 34. Nf6+ Kf7 35. Bd5+ Kg7 36.
Nxe8+ Kh7 37. Qg7# 1-0

[Event "Early-Titled-Tuesday-Blitz-March-12-2024"]
[Site "Chess.com"]
[Date "2024.03.12"]
[Round "6"]
[White "Cheer_Down"]
[Black "AlessiaSanteramo"]
[Result "1-0"]
[WhiteElo "2422"]
[BlackElo "2247"]
[TimeControl "180+1"]
[EndTime "9:05:26 PDT"]
[Termination "Cheer_Down won by resignation"]

1. e4 e5 2. Nf3 Nc6 3. Bc4 Nf6 4. d3 Bc5 5. c3 O-O 6. O-O d5 7. exd5 Nxd5 8. a4 Nb6 9. Bb5 Ne7 10. a5 c6 11.
axb6 cxb5 12. bxa7 Rxa7 13. Rxa7 Bxa7 14. Nxe5 Bf5 15.
Re1 Bb8 16. Na3 b4 17. cxb4 Qd4 18. Nf3 Qxb4 19. Nc2 Qd6 20. Bf4 Qxf4 21. Rxe7 Bg4 22. Ne3 Bxf3 23. Qxf3 Qxh2+ 24. Kf1 Qd6 25. Nf5 Qc5 26.
g3 g6 27. Nh6+ Kg7 28. Rxf7+ Rxf7 29. Nxf7 h6 30. Nd8 Qc1+ 31. Kg2 Qxb2 32. Ne6+ Kg8 33. Qf8+ Kh7 34. Qxb8 Qb6 35. Qc7+ Qxc7 36. Nxc7 Kg7 37.
Kf3 Kf6 38. Ke4 Ke7 39. Kd5 1-0

[Event "Early-Titled-Tuesday-Blitz-March-12-2024"]
[Site "Chess.com"]
[Date "2024.03.12"]
[Round "6"]
[White "Alexander_Moskalenko"]
[Black "josephymwale33"]
[Result "1/2-1/2"]
[WhiteElo "2848"]
[BlackElo "2515"]
[TimeControl "180+1"]
[EndTime "9:05:27 PDT"]
[Termination "Game drawn by repetition"]

1. e4 e6 2. d4 d5 3. Nd2 Nf6 4. e5 Nfd7 5. f4 c5 6. c3 Nc6 7.
Ndf3 Qb6 8. h4 cxd4 9. cxd4 Bb4+ 10. Kf2 f6 11. Kg3 fxe5 12. fxe5 Ne7 13. Bd3 Nf5+ 14. Kh3 O-O 15. Ne2 Be7 16. Bg5 Bxg5 17. hxg5 Rf7 18.
Qd2 Nf8 19. Ng3 Ng6 20. Nxf5 exf5 21. Kg3 f4+ 22. Kf2 Bg4 23. Bxg6 Qxg6 24. Rh4 Bxf3 25.
gxf3 Rc8 26. Rc1 Rxc1 27. Qxc1 Qxg5 28. Qc8+ Rf8 29. Qe6+ Kh8 30. Rg4 Qd8 31. Kg2 Qa5 32. Qe7 Qd2+ 33. Kh3 Rg8 34. Qf7 Qf2 35. Qxf4 Qxb2 36.
Rg2 Qb1 37. e6 Qh1+ 38. Qh2 Qf1 39. Kg4 Qd3 40. Qh5 Rf8 41. Kg3 Qxd4 42. e7 Qf4+ 43. Kf2 Qd2+ 44. Kf1 Qd1+ 45. Kf2 Qd2+ 46. Kf1 Qd1+ 47. Kf2 Qd2+ 1/2-1/2

[Event "Early-Titled-Tuesday-Blitz-March-12-2024"]
[Site "Chess.com"]
[Date "2024.03.12"]
[Round "6"]
[White "sergoy"]
[Black "yosephtaher"]
[Result "0-1"]
[WhiteElo "3014"]
[BlackElo "2954"]
[TimeControl "180+1"]
[EndTime "9:05:29 PDT"]
[Termination "yosephtaher won by checkmate"]

1. d4 Nf6 2. c4 c5 3. d5 b5 4. Nf3 bxc4 5. Nc3 d6 6. e4 g6 7. Bxc4 Bg7 8. h3 O-O 9. O-O Nbd7 10. a4 Nb6 11. Be2 Rb8 12. Qc2 Na8 13. e5 Nd7 14. e6 fxe6 15. dxe6 Nf6 16. Ng5 Nc7 17. Re1 a6 18. Bd3 Qe8 19. Bd2 Bb7 20. h4 Ba8 21. f3 Nh5 22. a5 Nf4 23. Bxf4 Rxf4 24. h5 Bd4+ 25. Kf1 Qf8 26. Ne2 Qf6 27. Nxf4 Qxf4 28. Nh3 Qh2 29. Nf2 Rxb2 30. Qxb2 Bxb2 31. Rab1 Bd4 32.
Rb8+ Kg7 33. Rc8 d5 34. Ng4 Qg1+ 35. Ke2 Qxg2+ 36. Kd1 Qxf3+ 37. Be2 Qb3+ 38. Kd2 Bc3+ 39. Ke3 Bxe1+ 40. Kf4 Qg3+ 41. Kg5 Bd2# 0-1

[Event "Early-Titled-Tuesday-Blitz-March-12-2024"]
[Site "Chess.com"]
[Date "2024.03.12"]
[Round "6"]
[White "ExchangeAB"]
[Black "javierfreilemartin"]
[Result "1-0"]
[WhiteElo "2512"]
[BlackElo "2245"]
[TimeControl "180+1"]
[EndTime "9:05:29 PDT"]
[Termination "ExchangeAB won by resignation"]

1. d4 Nf6 2. Nf3 g6 3. c3 Bg7 4. h3 d6 5. Bf4 O-O 6. e3 a6 7.
Be2 b5 8. O-O Bb7 9. a4 c6 10.
axb5 cxb5 11. Nfd2 Nbd7 12. Bf3 Qb6 13. Bxb7 Qxb7 14. Qf3 d5 15. Qd1 a5 16. Nf3 Rfc8 17. Nbd2 a4 18. Ne5 Nb6 19. Nd3 Nfd7 20. Nf3 Nc4 21. Qe2 a3 22. b3 Ncb6 23. Rfc1 f6 24. Qd2 h5 25. Bg3 Bh6 26. Nfe1 Kf7 27. Nc2 Ra6 28.
Rxa3 Rca8 29. Rca1 Rxa3 30. Rxa3 Rxa3 31. Nxa3 Qa6 32. Qb2 g5 33. Nb4 Qb7 34. Nxb5 h4 35. Bh2 f5 36. Nd3 g4 37. Bf4 Bg7 38. Qa2 gxh3 39. gxh3 Qc6 40. c4 dxc4 41. bxc4 Qf3 42. c5+ e6 43. cxb6 Qd1+ 44. Kg2 Qxd3 45. Nd6+ Kg6 46. Qxe6+ Nf6 47. Qxf5+ Qxf5 48. Nxf5 Kxf5 49. b7 Nd7 50. b8=Q Nxb8 51. Bxb8 Ke4 52. Be5 1-0

[Event "Early-Titled-Tuesday-Blitz-March-12-2024"]
[Site "Chess.com"]
[Date "2024.03.12"]
[Round "6"]
[White "effefe"]
[Black "JaackCamel"]
[Result "1-0"]
[WhiteElo "2403"]
[BlackElo "2181"]
[TimeControl "180+1"]
[EndTime "9:05:31 PDT"]
[Termination "effefe won by resignation"]

1. d4 d5 2. c4 e6 3. Nc3 c6 4.
Nf3 dxc4 5. e4 b5 6. Be2 Bb7 7. O-O Nd7 8. e5 h6 9. a4 a6 10. Ne4 c5 11. Nd6+ Bxd6 12. exd6 Ngf6 13. Be3 Rc8 14.
axb5 axb5 15. b3 cxd4 16. Nxd4 O-O 17. Nxb5 cxb3 18. Qxb3 Nd5 19. Bd4 Nc5 20. Qb2 Qg5 21. g3 Nf4 22. f3 Nxe2+ 23. Qxe2 Nb3 24. Be3 Qe5 25. Rab1 Rc3 26. Nxc3 Qxc3 27. Bf2 Bd5 28. Rfd1 Rd8 29. Qd3 Qxd3 30. Rxd3 Na5 31. Bb6 Ra8 32. Ra1 Nc4 33. Rxa8+ Bxa8 34. d7 1-0

[Event "Early-Titled-Tuesday-Blitz-March-12-2024"]
[Site "Chess.com"]
[Date "2024.03.12"]
[Round "6"]
[White "Triumphmate"]
[Black "Mikhail_Golubev"]
[Result "0-1"]
[WhiteElo "2520"]
[BlackElo "2705"]
[TimeControl "180+1"]
[EndTime "9:05:33 PDT"]
[Termination "Mikhail_Golubev won by resignation"]

1. e4 c5 2. Nf3 d6 3. d4 Nf6 4.
Nc3 cxd4 5. Nxd4 g6 6. f4 Nc6 7. Nf3 Bg4 8. Bd3 Qb6 9. Qe2 Nd4 10. Qf2 Nxf3+ 11. gxf3 Qxf2+ 12. Kxf2 Bd7 13. Be3 Bg7 14. Rhg1 O-O 15. Ne2 Nh5 16. c3 f5 17. Ke1 fxe4 18. fxe4 Bh6 19. Kd2 Nxf4 20. Raf1 e5 21. Bxf4 Bxf4+ 22.
Nxf4 Rxf4 23. Rxf4 exf4 24. Ke2 Rf8 25. Bc4+ Kg7 26.
Kf3 Rf6 27. Rd1 g5 28. e5 Bc6+ 29. Bd5 dxe5 30. Bxc6 bxc6 31. Ke4 f3 32. Kxe5 f2 33. Rf1 g4 34. Ke4 Rf3 35. a4 h5 36. a5 h4 37. b4 Rf6 38. c4 g3 39. hxg3 hxg3 40.
Rxf2 gxf2 0-1

[Event "Early-Titled-Tuesday-Blitz-March-12-2024"]
[Site "Chess.com"]
[Date "2024.03.12"]
[Round "6"]
[White "shimastream"]
[Black "CSB7"]
[Result "1-0"]
[WhiteElo "2965"]
[BlackElo "2791"]
[TimeControl "180+1"]
[EndTime "9:05:37 PDT"]
[Termination "shimastream won by resignation"]

1. e4 e6 2. c3 d5 3. e5 c5 4. f4 h5 5. Nf3 Nh6 6. Na3 Nc6 7. Nc2 Nf5 8. d3 d4 9. c4 b6 10. a3 Bb7 11. g3 Be7 12. Qe2 Na5 13.
Bg2 Nb3 14. Rb1 Qd7 15. Nd2 Nxd2 16. Bxd2 h4 17. g4 h3 18. Be4 Nh4 19. O-O Ng2 20.
b4 Rc8 21. Rf3 Rh4 22. Rg3 Bxe4 23. Qxe4 Qa4 24. Rb2 Kf8 25. b5 Re8 26. Qb7 Rd8 27.
Kf2 Ne3 28. Bxe3 dxe3+ 29. Kxe3 f5 30. gxf5 exf5 31. Rxg7 Re8 32. Rg3 Rg4 33. Rxh3 1-0

[Event "Early-Titled-Tuesday-Blitz-March-12-2024"]
[Site "Chess.com"]
[Date "2024.03.12"]
[Round "6"]
[White "el008"]
[Black "VojtechPlat"]
[Result "0-1"]
[WhiteElo "2513"]
[BlackElo "2871"]
[TimeControl "180+1"]
[EndTime "9:05:38 PDT"]
[Termination "VojtechPlat won on time"]

1. Nf3 d6 2. d4 Nf6 3. g3 Bf5 4. c4 c6 5. Nc3 h6 6. Bg2 Nbd7 7. O-O e5 8. d5 cxd5 9. cxd5 Be7 10. b3 Ne4 11. Bb2 Nxc3 12. Bxc3 O-O 13. Rc1 Nc5 14. Nd2 Rc8 15. b4 Nd7 16. e4 Bh7 17. f4 exf4 18. gxf4 Qb6+ 19. Kh1 Qe3 20. Rf3 Qb6 21. Rg3 Bf6 22. Bxf6 Nxf6 23. e5 Nh5 24. Rf3 Qd4 25. Nb3 Qxb4 26. Rxc8 Rxc8 27. e6 Be4 28. exf7+ Kf8 29. Rf1 Nxf4 30. Bf3 Rc3 31.
Nd2 Bxf3+ 32. Rxf3 Rxf3 33. Nxf3 Qe4 34. Kg1 Nxd5 35.
Kf2 Qe3+ 36. Kg3 Qf4+ 37. Kf2 Nf6 38. Qb3 Ne4+ 39. Ke2 Nc5 40. Qb5 Kxf7 41. Nd2 Qxh2+ 42. Kd1 Qh1+ 43. Kc2 Qc6 44. Qf1+ Kg8 45. Kd1 Ne4 46. Nb3 Qd5+ 47. Kc2 Nf6 48. Qg1 a5 49. Qa7 Qc4+ 50. Kb2 a4 51. Nd2 Qd3 52. Nb1 Qb5+ 53. Kc1 h5 54. Qb8+ Kh7 55. Qa7 h4 56. Qf2 Qg5+ 57.
Kd1 h3 58. Nd2 Qh5+ 59. Ke1 h2 0-1

[Event "Early-Titled-Tuesday-Blitz-March-12-2024"]
[Site "Chess.com"]
[Date "2024.03.12"]
[Round "6"]
[White "SuperPower2011"]
[Black "venturov"]
[Result "1-0"]
[WhiteElo "2800"]
[BlackElo "2479"]
[TimeControl "180+1"]
[EndTime "9:05:38 PDT"]
[Termination "SuperPower2011 won by resignation"]

1. d4 Nf6 2. Nf3 g6 3. c4 d6 4. Nc3 Nbd7 5. e4 e5 6. Be2 Bg7 7. O-O O-O 8. Qc2 Re8 9. Rd1 c6 10. h3 Nh5 11. Be3 Nf4 12. Bf1 Qf6 13. Nh2 h5 14.
Kh1 Nf8 15. Qd2 g5 16. d5 c5 17. a3 a6 18. b4 b6 19. Rab1 g4 20. h4 Qxh4 21.
g3 Qf6 22. gxf4 exf4 23. Bxf4 Qxc3 24. Qxc3 Bxc3 25. Bxd6 Rxe4 26. bxc5 bxc5 27. Bxc5 Rf4 28. Be3 Re4 29. Bg2 Rxc4 30. d6 Bf5 31. Bxa8 Bxb1 32. Rxb1 Bd4 33. Nf1 Bxe3 34. Nxe3 Rd4 35. Rd1 Rxd1+ 36.
Nxd1 Ne6 37. Nc3 Kf8 38. Bc6 f5 39. Na4 f4 40. Nb6 h4 41. Bd7 Kf7 42. Bxe6+ Kxe6 43. d7 Ke7 44. Nd5+ Kxd7 45. Nxf4 g3 46. f3 Kd6 47. Kg2 Kc5 48. Ng6 Kc4 49. f4 Kb3 50. f5 Kxa3 51. f6 Kb2 52. f7 a5 53. f8=Q a4 54. Qb4+ Kc2 55. Qxa4+ Kc3 56. Qxh4 1-0

[Event "Early-Titled-Tuesday-Blitz-March-12-2024"]
[Site "Chess.com"]
[Date "2024.03.12"]
[Round "6"]
[White "JonasEilenberg"]
[Black "agvega14"]
[Result "1-0"]
[WhiteElo "2515"]
[BlackElo "2203"]
[TimeControl "180+1"]
[EndTime "9:05:40 PDT"]
[Termination "JonasEilenberg won by resignation"]

1. d4 d5 2. c4 e6 3. Nc3 Nf6 4.
cxd5 exd5 5. Bg5 Nbd7 6. e3 c6 7. Bd3 Be7 8. Nge2 O-O 9. O-O Re8 10. f3 Nf8 11. Qc2 Nh5 12. Bxe7 Qxe7 13. e4 Be6 14. Rad1 g6 15. e5 f5 16. f4 Rac8 17. Ng3 Nxg3 18.
hxg3 a6 19. Na4 Nd7 20. Rc1 Qb4 21. Nc3 Qxd4+ 22. Kh2 Qa7 23. Rcd1 b5 24. Ne2 c5 25. Ng1 c4 26. Be2 d4 27. Bf3 d3 28. Qd2 Red8 29. Nh3 Nf8 30. Ng5 Qd4 31. g4 Rc7 32. g3 fxg4 33.
Nxe6 Nxe6 34. Bxg4 Nf8 35. Qa5 Rc6 36. a4 Qc5 37. Qxd8 Kg7 38. f5 Qxe5 39. f6+ Kh6 40. Qxf8+ 1-0

[Event "Early-Titled-Tuesday-Blitz-March-12-2024"]
[Site "Chess.com"]
[Date "2024.03.12"]
[Round "6"]
[White "Al_Shima"]
[Black "profedechess93"]
[Result "0-1"]
[WhiteElo "2436"]
[BlackElo "2622"]
[TimeControl "180+1"]
[EndTime "9:05:41 PDT"]
[Termination "profedechess93 won on time"]

1. e4 e6 2. d4 d5 3. Nd2 Be7 4.
Ngf3 Nf6 5. Bd3 c5 6. c3 cxd4 7.
cxd4 dxe4 8. Nxe4 Nc6 9. O-O O-O 10. Be3 Nb4 11. Bb1 b6 12. a3 Nbd5 13. Ne5 Bb7 14. Qd3 Nxe4 15. Qxe4 f5 16. Qd3 Rc8 17. Ba2 Bd6 18.
Rac1 Qh4 19. f4 Bxe5 20. dxe5 Rcd8 21. Qe2 Rf7 22. Rfd1 Rfd7 23. Rd4 h6 24. Rcd1 Kh7 25. b4 Nxf4 26. Qf2 Rxd4 27. Rxd4 Qxf2+ 28. Kxf2 Nd3+ 29. Ke2 Rxd4 30. Bxd4 Nf4+ 31. Kf2 Bd5 32. g3 Nh3+ 33. Ke3 Bxa2 0-1

[Event "Early-Titled-Tuesday-Blitz-March-12-2024"]
[Site "Chess.com"]
[Date "2024.03.12"]
[Round "6"]
[White "PepeCuenca"]
[Black "MidnightFox"]
[Result "1-0"]
[WhiteElo "2702"]
[BlackElo "2507"]
[TimeControl "180+1"]
[EndTime "9:05:42 PDT"]
[Termination "PepeCuenca won by resignation"]

1. d4 Nf6 2. Bf4 g6 3. Nc3 Bg7 4. e4 d6 5. Qd2 O-O 6. Bh6 e5 7. Bxg7 Kxg7 8. O-O-O exd4 9. Qxd4 Nc6 10. Qd2 a6 11. f3 b5 12. Kb1 b4 13. Nce2 a5 14.
Nf4 Be6 15. g4 a4 16. h4 b3 17. cxb3 axb3 18. a3 Ra4 19. g5 Nd7 20. Bb5 Qa8 21. Bxa4 Qxa4 22. Nge2 Nde5 23. Qc3 Rb8 24. Nd4 Rb6 25.
Nfxe6+ fxe6 26. Nxe6+ Kf7 27. Nxc7 Ne7 28. Nd5 Rc6 29.
Qb4 Qa6 30. Nxe7 Kxe7 31. h5 Rb6 32. Qd4 Rc6 33. hxg6 hxg6 34. Rh7+ Kd8 35. Qxe5 Rc1+ 36. Kxc1 Qc4+ 37. Qc3 1-0

[Event "Early-Titled-Tuesday-Blitz-March-12-2024"]
[Site "Chess.com"]
[Date "2024.03.12"]
[Round "6"]
[White "remyrushbrooke"]
[Black "bazar-wokzal"]
[Result "0-1"]
[WhiteElo "2270"]
[BlackElo "2550"]
[TimeControl "180+1"]
[EndTime "9:05:42 PDT"]
[Termination "bazar-wokzal won by checkmate"]

1. Nf3 c5 2. g3 Nc6 3. c4 g6 4. Nc3 Bg7 5. Bg2 Nh6 6. d3 Nf5 7. O-O h5 8. Rb1 h4 9. g4 h3 10. Bh1 Nfd4 11. e3 Nxf3+ 12. Qxf3 d6 13. Qe2 Ne5 14.
f3 Be6 15. Nd5 Bxd5 16. cxd5 Qa5 17. b4 cxb4 18. Bd2 Qxa2 19. Rxb4 b6 20. f4 Nd7 21. Rc1 O-O 22. Rbc4 Nc5 23. f5 Nb3 24. Rd1 Rac8 25. Be4 g5 26. f6 Bxf6 27. Rxc8 Rxc8 28. Bf5 Rc2 29. Qf3 Rxd2 30. Rxd2 Qxd2 31. Qxh3 Qe1+ 32. Kg2 Qe2+ 33. Kg1 Nd2 34. Qh4 Nf3+ 35. Kh1 Qf1# 0-1

[Event "Early-Titled-Tuesday-Blitz-March-12-2024"]
[Site "Chess.com"]
[Date "2024.03.12"]
[Round "6"]
[White "amelia91"]
[Black "DIMONBANAN"]
[Result "0-1"]
[WhiteElo "2087"]
[BlackElo "2534"]
[TimeControl "180+1"]
[EndTime "9:05:42 PDT"]
[Termination "DIMONBANAN won on time"]

1. d4 d5 2. Bf4 Nf6 3. e3 e6 4.
Nf3 c5 5. c3 Nc6 6. Nbd2 Nh5 7.
Bg3 Nxg3 8. hxg3 Bd6 9. Bd3 h6 10. Qe2 c4 11. Bc2 b5 12. e4 Qe7 13. e5 Bc7 14.
O-O b4 15. Nh2 bxc3 16. bxc3 Ba5 17. Ba4 Bd7 18. Rac1 Qa3 19. Bxc6 Bxc6 20. Nb1 Qe7 21. Qg4 O-O 22. f4 Rab8 23. f5 exf5 24. Rxf5 Bd7 25.
Qf3 Bxf5 26. Qxf5 Rb2 27. Rf1 Qg5 28. Qf3 Qg6 29. Qxd5 Rxb1 30. Qxa5 Rfb8 31. Qxa7 Rxf1+ 32. Nxf1 Rb1 33. Qa8+ Kh7 34. Qf3 Re1 35. a4 Ra1 36.
Qc6 Qd3 37. Qf3 Rxa4 0-1

[Event "Early-Titled-Tuesday-Blitz-March-12-2024"]
[Site "Chess.com"]
[Date "2024.03.12"]
[Round "6"]
[White "Baronessa08"]
[Black "bobo_panda"]
[Result "1-0"]
[WhiteElo "2552"]
[BlackElo "2299"]
[TimeControl "180+1"]
[EndTime "9:05:43 PDT"]
[Termination "Baronessa08 won by checkmate"]

1. c4 e5 2. g3 c6 3. Nf3 e4 4.
Nd4 d5 5. cxd5 Qxd5 6. e3 Nf6 7. Nc3 Qe5 8. d3 Bc5 9. Bg2 Bg4 10. f3 exf3 11. Nxf3 Qc7 12. d4 Bb6 13. O-O O-O 14.
Qc2 Nbd7 15. Bd2 Rfe8 16. Rae1 Bh5 17. Nh4 Bg6 18. Nxg6 hxg6 19. Na4 Re6 20. Nxb6 Nxb6 21. e4 Qd7 22. Bc3 Rae8 23. e5 Nfd5 24. Bh3 Qe7 25. Bxe6 Qxe6 26. Qf2 Nxc3 27. bxc3 Nc4 28. Re4 b5 29. Rh4 g5 30. Rh5 Rf8 31. Rxg5 Qh6 32. Qf6 Qh7 33. Rff5 Ne3 34. Rxg7+ Qxg7 35. Rg5 Qxg5 36.
Qxg5+ Kh7 37. Qxe3 Kg6 38. Qe4+ Kg7 39. Qxc6 Rd8 40.
Qf6+ Kh7 41. Qxd8 Kg7 42. Qe7 a5 43. e6 Kg6 44. exf7 Kh5 45. f8=Q b4 46. Qh4+ Kg6 47. Qff6# 1-0

[Event "Early-Titled-Tuesday-Blitz-March-12-2024"]
[Site "Chess.com"]
[Date "2024.03.12"]
[Round "6"]
[White "GalaxyRoman"]
[Black "RebelJohnny"]
[Result "1-0"]
[WhiteElo "2724"]
[BlackElo "2527"]
[TimeControl "180+1"]
[EndTime "9:05:44 PDT"]
[Termination "GalaxyRoman won by checkmate"]

1. e4 d6 2. d4 Nf6 3. Nc3 c6 4. f4 g6 5. Nf3 Bg7 6. Bd3 Bg4 7. Be3 O-O 8. O-O e5 9. h3 Bxf3 10. Qxf3 Nbd7 11. dxe5 dxe5 12. f5 Nh5 13. Rad1 Qc7 14. Bc4 Nf4 15. g3 b5 16. Bb3 a5 17. a4 b4 18. gxf4 bxc3 19. fxg6 hxg6 20. f5 Kh7 21. Bxf7 Nf6 22. fxg6+ Kh8 23. Bg5 Rxf7 24. gxf7 Nh7 25. Be3 cxb2 26. Kh1 Rb8 27. Rb1 Bf6 28.
Qh5 Qe7 29. Bh6 Bg7 30. Bxg7+ Kxg7 31. Rg1+ Kh8 32. Qg6 Nf6 33. Qg7# 1-0

[Event "Early-Titled-Tuesday-Blitz-March-12-2024"]
[Site "Chess.com"]
[Date "2024.03.12"]
[Round "6"]
[White "Casper"]
[Black "omeganebulapegasus"]
[Result "0-1"]
[WhiteElo "2491"]
[BlackElo "2808"]
[TimeControl "180+1"]
[EndTime "9:05:44 PDT"]
[Termination "omeganebulapegasus won by resignation"]

1. f4 d5 2. Nf3 Nf6 3. g3 g6 4.
Bg2 Bg7 5. O-O O-O 6. Nc3 c5 7. d3 Nc6 8. e4 d4 9. Ne2 e5 10. fxe5 Ng4 11. Nf4 Ngxe5 12. Nd5 Bg4 13. Qe1 Bxf3 14. Bxf3 Nxf3+ 15. Rxf3 f5 16. Bf4 Qd7 17. c4 fxe4 18. dxe4 Rae8 19. Qe2 Ne7 20. Raf1 Nxd5 21. cxd5 Qxd5 22. exd5 Rxe2 23. d6 Rd8 24. R1f2 Rxf2 25. Kxf2 Bf8 26. Rb3 b6 27. Ra3 Bxd6 28. Bxd6 Rxd6 29.
Rxa7 Re6 30. Rb7 Kf8 31. Rxh7 Ke8 32. a4 d3 33. Rh8+ Kd7 34. Rh7+ Kd8 35. Rh8+ Kc7 36. Rh7+ Kc6 37. Rh8 c4 38. Rc8+ Kd5 39. Kf3 Kd4 40.
Rd8+ Kc5 41. h4 Kb4 42. g4 Kb3 43. Rd4 Kxb2 44. Rxc4 d2 45. Rd4 Kc2 46. h5 gxh5 47. gxh5 d1=Q+ 48. Rxd1 Kxd1 49. Kf4 Kc2 50. Kf5 Rc6 51. Kg5 Kb3 52. h6 Rxh6 53. Kxh6 Kxa4 0-1

[Event "Early-Titled-Tuesday-Blitz-March-12-2024"]
[Site "Chess.com"]
[Date "2024.03.12"]
[Round "6"]
[White "Iskusnyh"]
[Black "Rosh1610"]
[Result "1-0"]
[WhiteElo "2666"]
[BlackElo "2467"]
[TimeControl "180+1"]
[EndTime "9:05:44 PDT"]
[Termination "Iskusnyh won by resignation"]

1. d4 Nf6 2. c4 e6 3. g3 Bb4+ 4. Nd2 O-O 5. Bg2 c5 6. Nf3 cxd4 7. Nxd4 Nc6 8. Nb3 d5 9. O-O e5 10. cxd5 Nxd5 11. Ne4 Be6 12. Nec5 Rb8 13. Nxe6 fxe6 14. a3 Be7 15. Bh3 Nc7 16. Be3 b6 17. Rc1 Na5 18. Nxa5 bxa5 19. Qc2 Bd6 20. Rfd1 Rf7 21.
Bxa7 Rb5 22. Qc6 Rd5 23. Bb6 Qf6 24. Bxc7 Qxf2+ 25. Kh1 Rxd1+ 26. Rxd1 Qxe2 27. Qe8+ Rf8 28. Qxe6+ Kh8 29. Qxd6 Qf2 30. Qxf8+ Qxf8 31. Rd8 Qxd8 32.
Bxd8 e4 33. Kg1 e3 34. Kf1 e2+ 35. Kxe2 Kg8 1-0

[Event "Early-Titled-Tuesday-Blitz-March-12-2024"]
[Site "Chess.com"]
[Date "2024.03.12"]
[Round "6"]
[White "LuisFSiles"]
[Black "martinmena"]
[Result "0-1"]
[WhiteElo "2290"]
[BlackElo "2276"]
[TimeControl "180+1"]
[EndTime "9:05:48 PDT"]
[Termination "martinmena won by resignation"]

1. e4 c6 2. d4 d5 3. exd5 cxd5 4.
c4 Nf6 5. Nc3 g6 6. cxd5 Bg7 7.
Bb5+ Nbd7 8. d6 exd6 9. Qe2+ Qe7 10.
Bf4 Qxe2+ 11. Bxe2 d5 12. Bf3 Nb6 13. Be5 O-O 14. Nge2 Bg4 15. Bxg4 Nxg4 16. Bxg7 Kxg7 17. O-O Rfd8 18. Rfe1 Nf6 19. Nf4 Re8 20. Re5 Nc4 21.
Rxe8 Rxe8 22. Nfxd5 Nxd5 23. Nxd5 Rd8 24. Ne3 Rxd4 25.
Rd1 Re4 26. Rd7 Nxe3 27. fxe3 Rb4 28. b3 a5 29. Kf2 b5 30. Rd4 Rxd4 31. exd4 Kf6 32.
Ke3 Ke6 33. Ke4 f5+ 34. Kf4 h6 35. h4 Kf6 36. a3 g5+ 37. hxg5+ hxg5+ 38. Ke3 Ke6 39.
Kd3 Kd5 40. Ke3 b4 41. a4 f4+ 42. Kf3 Kxd4 43. Kg4 Kc3 44. Kxg5 Kxb3 45. Kxf4 Kxa4 46.
g4 b3 47. g5 b2 48. g6 b1=Q 49. g7 Qg6 50. g8=Q Qxg8 0-1

[Event "Early-Titled-Tuesday-Blitz-March-12-2024"]
[Site "Chess.com"]
[Date "2024.03.12"]
[Round "6"]
[White "Kotofeyca"]
[Black "HanSchut"]
[Result "0-1"]
[WhiteElo "2431"]
[BlackElo "2323"]
[TimeControl "180+1"]
[EndTime "9:05:50 PDT"]
[Termination "HanSchut won by checkmate"]

1. d4 Nf6 2. c4 g6 3. f3 Nc6 4.
e4 e5 5. dxe5 Nxe5 6. Nc3 Bg7 7.
Bg5 h6 8. Be3 O-O 9. Qd2 Kh7 10.
Nh3 d6 11. Nf4 c6 12. Rd1 g5 13. Nd3 Nxc4 14. Qc1 Re8 15. h4 Nxe3 16. Qxe3 Nd5 17.
Nxd5 cxd5 18. hxg5 dxe4 19. fxe4 Bf5 20. Nf2 Qa5+ 21. Rd2 Bxb2 22. Rxh6+ Kg8 23. g6 Bc3 24. gxf7+ Kxf7 25. Bc4+ d5 26. Bxd5+ Kg7 27. Qg5+ Kf8 28. Qxf5+ Ke7 29. Rh7+ Kd6 30. Qd7+ Kc5 31. Ke2 Bxd2 32. Rh5 Qa6+ 33. Kf3 Rf8+ 34. Kg3 Rg8+ 35. Kh2 Bf4+ 36. Kh3 Rg3+ 37. Kh4 Qf6+ 38. Rg5 Qxg5# 0-1

[Event "Early-Titled-Tuesday-Blitz-March-12-2024"]
[Site "Chess.com"]
[Date "2024.03.12"]
[Round "6"]
[White "AlexeiShirov"]
[Black "VD_coach"]
[Result "1-0"]
[WhiteElo "2867"]
[BlackElo "2510"]
[TimeControl "180+1"]
[EndTime "9:05:52 PDT"]
[Termination "AlexeiShirov won on time"]

1. e4 Nf6 2. e5 Nd5 3. d4 d6 4. c4 Nb6 5. f4 dxe5 6. fxe5 Nc6 7. Be3 Bf5 8. Nc3 e6 9. Nf3 Be7 10. Be2 O-O 11. O-O f6 12. exf6 Bxf6 13. Qd2 Qd7 14. Rad1 Rad8 15. Kh1 h6 16. Bg1 a6 17.
Qe3 Rde8 18. Ne5 Bxe5 19. dxe5 Qc8 20. h3 Nd7 21. Bh2 Rd8 22. Rd2 Rfe8 23. Bh5 Rf8 24.
Bf3 Nb6 25. b3 Rxd2 26. Qxd2 Qd7 27. Qe3 Rd8 28. Rd1 Qe8 29. Bg3 Rxd1+ 30. Bxd1 Qg6 31. Kh2 Ne7 32. Bf3 Bc2 33. Bxb7 Nf5 34. Qf2 Nd7 35. Bf4 Bd3 36. Bxa6 h5 37. Bb5 Nf8 38. a4 Ne7 39. a5 c6 40. Ba4 Nc8 41. Qg3 Qf7 42. Bg5 Bf5 43. Bxc6 Ng6 44. Bf3 h4 45. Bxh4 Nxh4 46. Qxh4 Qc7 47. Qf4 1-0

[Event "Early-Titled-Tuesday-Blitz-March-12-2024"]
[Site "Chess.com"]
[Date "2024.03.12"]
[Round "6"]
[White "GMKrikor"]
[Black "GeorgiosSouleidis"]
[Result "1-0"]
[WhiteElo "2874"]
[BlackElo "2663"]
[TimeControl "180+1"]
[EndTime "9:05:55 PDT"]
[Termination "GMKrikor won on time"]

1. Nf3 Nf6 2. c4 g6 3. Nc3 Bg7 4. e4 d6 5. d4 O-O 6. h3 Nbd7 7. e5 Ne8 8. exd6 exd6 9. Bd3 c6 10. O-O Nef6 11. Re1 Re8 12. Bf4 Rxe1+ 13. Qxe1 Nf8 14.
Qd2 Ne6 15. Bh6 d5 16. Bxg7 Kxg7 17. c5 Qc7 18. Re1 Qf4 19. Qxf4 Nxf4 20. Bf1 Ne6 21.
b4 Bd7 22. Bd3 b6 23. Rb1 Kf8 24. g3 Ke7 25. h4 h6 26. Kf1 Be8 27. a3 Kd8 28.
Re1 g5 29. hxg5 hxg5 30. Bf5 g4 31. Bxe6 gxf3 32. Bf5 bxc5 33. dxc5 a5 34. Rc1 axb4 35. axb4 Rb8 36. Rb1 Bd7 37. Bd3 Kc7 38. Ke1 d4 39.
Na4 Nd5 40. Kd2 Nxb4 41. Be4 1-0

[Event "Early-Titled-Tuesday-Blitz-March-12-2024"]
[Site "Chess.com"]
[Date "2024.03.12"]
[Round "6"]
[White "volodja49"]
[Black "scrambleyourbrain"]
[Result "0-1"]
[WhiteElo "2583"]
[BlackElo "2403"]
[TimeControl "180+1"]
[EndTime "9:05:57 PDT"]
[Termination "scrambleyourbrain won on time"]

1. d4 Nf6 2. c4 e6 3. Nc3 Bb4 4. f3 d5 5. a3 Bxc3+ 6. bxc3 O-O 7. cxd5 Nxd5 8. Qc2 f5 9. e3 c5 10. Bd3 Nc6 11. Ne2 Nb6 12. Qa2 cxd4 13. cxd4 Ne7 14. O-O Ned5 15. Bd2 Kh8 16. e4 Nf6 17. Bg5 Qe8 18.
Nf4 h6 19. Bxf6 Rxf6 20. e5 Rf8 21. a4 g5 22. a5 gxf4 23. axb6 Qd8 24. d5 Qxb6+ 25.
Kh1 exd5 26. Rab1 Qe6 27. Rfe1 b6 28. Qd2 Bb7 29. Qxf4 Rae8 30. Qd4 Re7 31. f4 Rg7 32. Rec1 Rfg8 33. g3 h5 34. Rg1 Rg4 35. Be2 Rc8 36. Bxg4 hxg4 37. Rgc1 Rc4 38. Rxc4 dxc4+ 39. Kg1 Qc6 40. Kf2 Qf3+ 41. Ke1 Qh1+ 42. Kd2 Qxb1 43. Qd8+ Kg7 44. Qe7+ Kg8 45. Qxb7 Qd3+ 46. Ke1 Qe3+ 47. Kf1 Qf3+ 48. Ke1 Qxb7 0-1

[Event "Early-Titled-Tuesday-Blitz-March-12-2024"]
[Site "Chess.com"]
[Date "2024.03.12"]
[Round "6"]
[White "zenitushka"]
[Black "Russian_berezka"]
[Result "1-0"]
[WhiteElo "2302"]
[BlackElo "2561"]
[TimeControl "180+1"]
[EndTime "9:05:57 PDT"]
[Termination "zenitushka won on time"]

1. d4 f5 2. e4 fxe4 3. f3 exf3 4. Nxf3 Nf6 5. Bd3 g6 6. Bg5 Bg7 7. Qd2 d5 8. Nc3 O-O 9. O-O-O Bg4 10. Rdf1 Nc6 11.
Bh6 Bxf3 12. Rxf3 Nxd4 13. Rh3 Ne6 14. Re1 Qd6 15. Qe3 Ng4 16. Qxe6+ Qxe6 17. Rxe6 Bxh6+ 18. Kb1 Bg5 19. Rg3 h5 20. Rxg6+ Kf7 21. Rxg5 c6 22. Rxh5 Nf6 23. Re5 Rg8 24. Ne2 Rxg3 25. Nxg3 Rh8 26. Nf1 Nd7 27. Rf5+ Kg7 28. Kc1 e5 29. Rf2 e4 30.
Be2 Ne5 31. h3 Rd8 32. Ne3 d4 33. Nf5+ Kg6 34. Nh4+ Kg7 35. Rf5 1-0